 Dungeon Crawl Stone Soup version 0.25-a0-1136-gc1285e62ab (webtiles) character file.

Game seed: 9218970696353531577, levelgen mode: deterministic

115 Morbidden the Magician (level 4, -3/31 HPs)
             Began as a Demonspawn Wizard on May 22, 2020.
             Slain by a gnoll
             ... wielding a +0 halberd
              (7 damage)
             ... on level 2 of the Dungeon.
             The game lasted 00:03:43 (2083 turns).

Morbidden the Magician (Demonspawn Wizard)          Turns: 2083, Time: 00:03:43

Health: -3/31      AC:  4    Str:  8    XL:     4   Next: 68%
Magic:  2/10       EV: 12    Int: 20    God:
Gold:   51         SH:  0    Dex: 11    Spells: 8/11 levels left

rFire    . . .     SeeInvis .   f - +0 short sword
rCold    . . .     Gourm    .   (no shield)
rNeg     . . .     Faith    .   a - +0 robe
rPois    .         Spirit   .   b - +0 hat
rElec    .         Reflect  .   (no cloak)
rCorr    .         Harm     .   (no gloves)
MR       .....                  (no boots)
Stlth    ++........             (no amulet)
HPRegen  0.10/turn              (no ring)
MPRegen  0.12/turn              (no ring)

@: no status effects
A: thin metallic scales 1, demonic guardian 1
a: no special abilities


You were on level 2 of the Dungeon.
You were hungry.

You visited 1 branch of the dungeon, and saw 2 of its levels.

You collected 51 gold pieces.

Inventory:

Hand Weapons
 f - a +0 short sword (weapon)
 h - a cursed -3 spear
Armour
 a - a +0 robe (worn)
 b - a +0 hat (worn)
Scrolls
 g - 2 scrolls of remove curse
 l - a scroll of identify {unknown}
 m - a scroll of teleportation {unknown}
 n - a scroll of enchant armour {unknown}
Potions
 e - a potion of cancellation {unknown}
 i - a potion of invisibility {unknown}
 j - 2 potions of heal wounds {unknown}
 k - a potion of lignification {unknown}
Comestibles
 d - 3 rations


   Skills:
 * Level 0.9 Fighting
 + Level 0.1 Short Blades
 + Level 2.3 Dodging
 + Level 1.8 Stealth
 * Level 4.2 Spellcasting
 * Level 2.1 Conjurations
 + Level 1.1 Summonings
   Level 0.8 Translocations


You had 8 spell levels left.
You knew the following spells:

 Your Spells              Type           Power        Failure   Level  Hunger
a - Magic Dart            Conj           ##..         5%          1    None
b - Call Imp              Summ           #.......     12%         2    #......

Your spell library contained the following spells:

 Spells                   Type           Power        Failure   Level  Hunger
 Blink                    Tloc           N/A          13%         2    #......
 Slow                     Hex            #.......     19%         2    #......
 Conjure Flame            Conj/Fire      #.......     24%         3    ###....
 Mephitic Cloud           Conj/Pois/Air  #.......     28%         3    ###....


Dungeon Overview and Level Annotations

Branches:
Dungeon (2/15)

Altars:

Annotations:
D:2 exclusion: ogre


Innate Abilities, Weirdness & Mutations

You are partially covered in thin metallic scales. (AC +2)
A weak demonic guardian rushes to your aid.


Message History

The ogre hits your shadow imp with a +0 giant club!!
Your shadow imp dies!
Your crimson imp blinks!
Casting: Call Imp (safe; 13% risk of failure)
Confirm with . or Enter, or press ? or * to list all spells.
A beastly little devil appears in a puff of flame.
Your crimson imp hits the ogre.
The ogre dies!
Your Conjurations skill increases to level 2!
Your crimson imp hits the gnoll but does no damage.
Your crimson imp blinks!
Your crimson imp barely misses the gnoll.
Casting: Call Imp (safe; 12% risk of failure)
Confirm with . or Enter, or press ? or * to list all spells.
A beastly little devil appears in a puff of flame.
You see here a short sword.
Your crimson imp misses the gnoll.
There is a stone staircase leading up here.
The gnoll hits you from afar with a +0 halberd!
You die...

....................#
................)...#
................)...#
######..............# ##
#..............#
.#####......5.......########
.'.......)...............>..
.#####.......5g5)...########
.# #..........@...#### .#
#####.###.###.....# .# #.#
#...#.###.# .# #.#
#.....###.# .###
##+###.........#
...######......#..######
.......##....##.##.## #
...###.##...##.⌠.##.## .#
...#.#.###.####.####.## ..#


You could see a gnoll and 3 friendly crimson imps.

Vanquished Creatures
  3 adders (D:2)
  A worm (D:2)
  A dart slug (D:1)
  2 leopard geckos
  A ball python (D:2)
  3 bats
  5 goblins
  3 hobgoblins
  2 jackals (D:2)
  A quokka (D:2)
  A frilled lizard (D:1)
  7 kobolds
  2 rats
32 creatures vanquished.

Vanquished Creatures (collateral kills)
  An ogre (D:2)
  A gnoll (D:2)
  A ball python (D:2)
3 creatures vanquished.

Grand Total: 35 creatures vanquished

Notes
Turn   | Place    | Note
-------+----------+-------------------------------------------
     0 | D:1      | Morbidden the Demonspawn Wizard began the quest for the
                  | Orb.
     0 | D:1      | Reached XP level 1. HP: 13/13 MP: 4/4
   476 | D:1      | Gained mutation: You are partially covered in thin metallic
                  | scales. (AC +2) [demonic ancestry]
   476 | D:1      | Reached XP level 2. HP: 19/19 MP: 0/6
  1121 | D:1      | Learned a level 2 spell: Call Imp
  1398 | D:2      | Reached XP level 3. HP: 18/24 MP: 0/8
  1479 | D:2      | Noticed an ogre
  1983 | D:2      | Reached skill level 4 in Spellcasting
  1985 | D:2      | Noticed an ogre
  2022 | D:2      | Gained mutation: A weak demonic guardian rushes to your
                  | aid. [demonic ancestry]
  2022 | D:2      | Reached XP level 4. HP: 21/31 MP: 7/10
  2049 | D:2      | HP: 1/31 [ogre/+0 giant club (4)]
  2076 | D:2      | Killed an ogre
  2083 | D:2      | Slain by a gnoll

Illustrated notes

Levels and vault maps discovered:
D:1:      dpeg_arrival_fog, layout_loops_ring
D:2:      layout_basic, grunt_decor_mini_mirrors

Skill      XL: |  1  2  3  4 |
---------------+-------------+-----
Dodging        | 2 |  2.3
Spellcasting   | 4 |  4.2
Conjurations   | 2 |  2.1
Fighting       | |  0.9
Short Blades   | |  0.1
Stealth        | |  1.8
Summonings     | |  1.1
Translocations | |  0.8

Action                   |  1- 3 |  4- 6 || total
-------------------------+-------+-------++-------
Melee: Short sword       |    25 |       ||    25
 Cast: Magic Dart        |    78 |       ||    78
       Call Imp          |     2 |     6 ||     8
  Use: Scroll            |     2 |       ||     2
  Eat: Chunk             |     3 |       ||     3
Armor: Robe              |    13 |       ||    13
Dodge: Dodged            |    47 |       ||    47

Table legend:
 A = Non-vault XP
 B = Vault XP
 C = Vault XP percentage of total XP
 D = Non-vault monster count
 E = Vault monster count
 F = Vault count percentage of total count
                 A         B        C        D         E       F
            +---------+---------+-------+---------+---------+-------
      Total |     165 |       0 |   0.0 |      35 |       0 |   0.0
            +---------+---------+-------+---------+---------+-------
        D:1 |      25 |       0 |   0.0 |      13 |       0 |   0.0
        D:2 |     140 |       0 |   0.0 |      22 |       0 |   0.0
            +---------+---------+-------+---------+---------+-------
